 Dungeon Crawl Stone Soup version 0.30.1-11-g7821555f0a (webtiles) character file.

Game seed: 402927647252154766

662 KittyFluff the Cudgeller (level 7, -11/44 HPs)
             Began as a Gargoyle Berserker on Nov 12, 2023.
             Was a Priest of Trog.
             Mangled by an ogre
             ... wielding a +0 giant spiked club
              (23 damage)
             ... on level 4 of the Dungeon.
             The game lasted 00:13:13 (3402 turns).

KittyFluff the Cudgeller (Gargoyle Berserker)       Turns: 3402, Time: 00:13:14

Health: -11/44     AC: 12    Str: 23    XL:     7   Next: 56%
Magic:  7/7        EV: 12    Int:  7    God:    Trog [***...]
Gold:   175        SH:  0    Dex:  9    Spells: 6/6 levels left

rFire   . . .        a - +0 mace
rCold   . . .        (no shield)
rNeg    + . .        h - +0 leather armour
rPois   ∞            m - +2 helmet
rElec   +            (no cloak)
rCorr   +            (no gloves)
SInv    .            y - +0 pair of boots
Will    .....        (no amulet)
Stlth   ++           j - ring of resist corrosion
HPRegen 0.27/turn    (no ring)
MPRegen 0.10/turn

%: no passive effects
@: no status effects
A: sickness immunity, AC +4, negative energy resistance 1, electricity
resistance, torment resistance 1, petrification resistance
a: Renounce Religion, Berserk, Trog's Hand


You were on level 4 of the Dungeon.
You worshipped Trog.
Trog was most pleased with you.
You visited 1 branch of the dungeon, and saw 4 of its levels.

You collected 175 gold pieces.

Inventory:

Hand Weapons
 a - a +0 mace (weapon)
 q - a +0 sling
Missiles
 t - a throwing net (quivered)
Armour
 h - a +0 leather armour (worn)
 l - a +1 plate armour of positive energy
 m - a +2 helmet (worn)
 o - a scarf of shadows
 y - a +0 pair of boots (worn)
Jewellery
 j - a ring of resist corrosion (left hand)
Wands
 s - a wand of iceblast (14)
Scrolls
 c - 2 scrolls of enchant weapon {unknown}
 d - 3 scrolls of identify {unknown}
 g - a scroll of magic mapping {unknown}
 i - a scroll of teleportation {unknown}
 n - a scroll of enchant armour {unknown}
 p - a scroll of immolation {unknown}
 w - 2 scrolls of amnesia {unknown}
 B - a scroll of blinking {unknown}
Potions
 b - a potion of mutation {unknown}
 e - a potion of invisibility {unknown}
 f - 2 potions of might {unknown}
 k - a potion of cancellation {unknown}
 r - 4 potions of heal wounds {unknown}
 u - a potion of lignification {unknown}
 v - a potion of resistance {unknown}
 x - a potion of degeneration {unknown}
 z - 2 potions of curing {unknown}
 A - a potion of berserk rage {unknown}


   Skills:
 + Level 4.7 Fighting
 * Level 5.2 Maces & Flails
 * Level 5.0 Armour
 + Level 2.7 Dodging
 + Level 3.1 Stealth
 + Level 1.0 Evocations


You had 6 spell levels left.
You didn't know any spells.
Your spell library was empty.

Dungeon Overview and Level Annotations

Branches:
Dungeon (4/15)
 Temple: D:4-7

Altars:


Innate Abilities, Weirdness & Mutations

You are immune to sickness and miasma.
Your stone body is resilient. (AC +4)
You are immune to poison.
You resist negative energy. (rN+)
You are resistant to electric shocks. (rElec)
You are resistant to unholy torment.
You are immune to petrification.


Message History

Trog accepts your kill.
Things that are here:
a +0 hand axe; a +0 ring mail; an adder corpse
Found 4 stones.
r - 4 bubbling purple potions (gained 2)
Things that are here:
a +0 whip; a +0 helmet An ogre comes into view.
It is wielding a +0 giant spiked club.
The ogre shouts!
The ogre hits you but does no damage.
You barely miss the ogre. You hit the ogre but do no damage.
The ogre hits you with a +0 giant spiked club!
You hit the ogre.
The ogre is lightly wounded.
The ogre closely misses you.
You hit the ogre but do no damage.
The ogre is lightly wounded.
The ogre hits you with a +0 giant spiked club!!
Ouch! That really hurt!
* * * LOW HITPOINT WARNING * * *
You sock the ogre!
The ogre is heavily wounded.
You hit the ogre but do no damage.
The ogre is heavily wounded.
The ogre closely misses you.
You hit the ogre.
The ogre is severely wounded.
A giant cockroach comes into view.
The ogre barely misses you.
You hit the ogre.
The ogre is almost dead.
The ogre barely misses you.
You hit the ogre but do no damage.
The ogre is almost dead.
You barely miss the ogre.
The ogre is almost dead.
The ogre hits you with a +0 giant spiked club!!
Ouch! That really hurt!
You die...

#÷......####.####.# #.#
#.................# #.#
.)....######.####.# #.#######
....#.######.####.# #........
###...............#######.#######
#######.................#
#.##.###...#.###### ##
#....###O..#.# #. #.####..@..#.#
#. #.# #.#.#.#.# #. #.# #.#......
#. #.# # #B.>..# #. #.# #.....#
#. ... #.....# ## #.
####.........## ... #.
#...##.#####.##.# #† #....
.#.#.#.#.####.


You could see an ogre and a giant cockroach.

Vanquished Creatures
  A water moccasin (D:4)
  A black bear (D:3)
  A scorpion (D:2)
  A howler monkey (D:4)
  A hound (D:4)
  A jelly (D:4)
  An orc priest (D:3)
  2 iguanas
  Ijyb (D:3)
  7 gnolls
  3 adders
  6 dart slugs
  6 orcs
  5 ball pythons
  10 endoplasms
  2 giant cockroaches (D:2)
  11 goblins
  6 hobgoblins
  7 jackals (D:1)
  3 quokkas
  5 bats
  7 frilled lizards
  6 kobolds
  A rat (D:2)
95 creatures vanquished.

Notes
Turn   | Place    | Note
-------+----------+-------------------------------------------
     0 | D:1      | KittyFluff the Gargoyle Berserker began the quest for the
                  | Orb.
     0 | D:1      | Reached XP level 1. HP: 14/14 MP: 1/1
   146 | D:1      | Reached XP level 2. HP: 19/19 MP: 2/2
   512 | D:1      | Reached XP level 3. HP: 22/23 MP: 3/3
   766 | D:1      | Reached ** piety under Trog
   858 | D:2      | Reached skill level 1 in Stealth
   904 | D:2      | Noticed a scorpion
   915 | D:2      | Killed a scorpion
   916 | D:2      | Reached XP level 4. HP: 18/29 MP: 4/4
  1013 | D:2      | Reached XP level 5. HP: 33/33 MP: 5/5
  1868 | D:3      | Noticed Ijyb
  1889 | D:3      | Killed Ijyb
  1927 | D:3      | Noticed a black bear
  1941 | D:3      | Killed a black bear
  1942 | D:3      | Reached XP level 6. HP: 5/38 MP: 6/6
  1946 | D:3      | HP: 2/57 [orc/+0 trident (4)]
  2965 | D:4      | Reached XP level 7. HP: 24/44 MP: 7/7
  3115 | D:4      | Reached skill level 5 in Maces & Flails
  3234 | D:4      | Reached *** piety under Trog
  3246 | D:4      | Reached skill level 5 in Armour
  3246 | D:4      | Reached skill level 1 in Evocations
  3402 | D:4      | Mangled by an ogre

Illustrated notes

Levels and vault maps discovered:
D:1:      minmay_arrival_split_and_join, layout_basic
D:2:      minmay_chambers_of_ones, layout_loops_ring
D:3:      layout_loops_ring, serial_glass, glass_columns_a, glass_columns_a,
          glass_columns_a, glass_columns_b, bh_walls_and_bars, uniq_ijyb
D:4:      layout_loops_ring, minivault_23, nrook_mini_vaults

Skill      XL: |  1  2  3  4  5  6  7 |
---------------+----------------------+-----
Stealth        | 1 2 3 |  3.1
Armour         | 3 4 5 |  5.0
Dodging        | 2 |  2.7
Maces & Flails | 4 5 |  5.2
Fighting       | 4 |  4.7
Evocations     | 1 |  1.0

Action                     |  1- 3 |  4- 6 |  7- 9 || total
---------------------------+-------+-------+-------++-------
  Melee: Mace              |    83 |   230 |    74 ||   387
         Punch             |       |     2 |     1 ||     3
 Invoke: Berserk           |     1 |     1 |       ||     2
   Stab: Sleeping          |       |     5 |     3 ||     8
 Armour: Animal skin       |     7 |       |       ||     7
         Leather armour    |    22 |   122 |    42 ||   186
  Dodge: Dodged            |    65 |   171 |    50 ||   286
